 Dungeon Crawl Stone Soup version 0.27.1 (webtiles) character file.

Game seed: 143853512644910991

6 Descartes the Changer (level 1, -1/7 HPs)
             Began as a Felid Wanderer on Aug 25, 2021.
             Slain by a jackal (3 damage)
             ... on level 1 of the Dungeon.
             The game lasted 00:00:55 (177 turns).

Descartes the Changer (Felid Wanderer)               Turns: 177, Time: 00:00:56

Health: -1/7       AC:  1    Str:  5    XL:     1   Next: 75%
Magic:  2/3        EV: 16    Int: 15    God:
Gold:   16         SH:  0    Dex: 16    Spells: 0/2 levels left
                                        Lives:  0   Deaths: 0

rFire    . . .     SeeInvis +   (weapon unavailable)
rCold    . . .     Faith    .   (shield unavailable)
rNeg     . . .     Spirit   .   (armour unavailable)
rPois    .         Reflect  .   (helmet unavailable)
rElec    .         Harm     .   (cloak unavailable)
rCorr    .         Rampage  .   (gloves unavailable)
Will     .....                  (boots unavailable)
Stlth    ++........             (no amulet)
HPRegen  0.02/turn              (no ring)
MPRegen  0.08/turn              (no ring)

@: appendages, quick
A: horns 2, very small, claws 1, fangs 3, see invisible, speed 1, shaggy fur 1,
stealthy paws, no weapons or thrown items, no armour, multi-lived
a: End Transformation


You were on level 1 of the Dungeon.
You had temporarily grown beastly horns.
You visited 1 branch of the dungeon, and saw 1 of its levels.

You collected 16 gold pieces.

Inventory:

Miscellaneous
 a - a piece from Xom's chessboard (15/15) (quivered)


   Skills:
 + Level 0.7 Dodging
 * Level 1.4 Stealth
 - Level 1.0 Spellcasting
 + Level 3.4 Transmutations
 - Level 2.6 Fire Magic
 - Level 1.0 Air Magic
 - Level 2.1 Evocations


You couldn't memorise any spells.
You knew the following spells:

 Your Spells              Type           Power      Damage    Failure   Level
a - Beastly Appendage     Tmut           22%        N/A       6%          1
b - Shock                 Conj/Air       8%         1d3       21%         1

Your spell library contained the following spells:

 Spells                   Type           Power      Damage    Failure   Level
 Static Discharge         Conj/Air       2%         N/A       30%         2
 Spider Form              Tmut/Pois      2%         N/A       36%         3
 Swiftness                Air            3%         N/A       43%         3
 Airstrike                Air            1%         N/A       85%         4


Dungeon Overview and Level Annotations

Branches:
Dungeon (1/15)

Altars:


Innate Abilities, Weirdness & Mutations

You have temporarily grown beastly horns.
You have sharp claws.
You have razor-sharp teeth.
You have supernaturally acute eyesight. (SInv)
You cover ground quickly. (Speed+)
You are covered in fur. (AC +1)
Your paws help you pounce on unaware monsters.
You are incapable of wielding weapons or throwing items.
You cannot wear armour.
You gain extra lives every three experience levels.


Message History

You barely miss the jackal.
The jackal bites you but does no damage.
The jackal closely misses you.
You closely miss the jackal. The jackal closely misses you.
You miss the jackal. You headbutt the jackal.
You kill the jackal!
You completely miss the kobold. The kobold barely misses you.
You scratch the kobold.
The kobold is moderately wounded.
The kobold barely misses you.
You scratch the kobold.
The kobold is heavily wounded.
The kobold hits you with a +0 club.
You completely miss the kobold.
The kobold is heavily wounded.
The kobold closely misses you.
You closely miss the kobold. Your headbutt misses the kobold.
The kobold is heavily wounded.
The kobold closely misses you.
You scratch the kobold.
You kill the kobold!
The rat bites you.
* * * LOW HITPOINT WARNING * * *
Your Stealth skill increases to level 1!
You scratch the rat.
You kill the rat!
The jackal barely misses you.
You barely miss the jackal. You headbutt the jackal.
You kill the jackal!
You scratch the jackal but do no damage.
The jackal closely misses you.
You closely miss the jackal. The jackal closely misses you. x2
You barely miss the jackal.
Your transformation is almost over.
The jackal closely misses you.
Casting: Beastly Appendage (safe; 6% risk of failure)
Confirm with . or Enter, or press ? or * to list all spells.
You extend your transformation's duration.
The jackal bites you.
You die...

##.##### #.#...#
#...#.# ###...#
##.## #.# #.# #.#
#@# # #h##### ##
#.#.#h#... .# ##
#.....#h####.##..
......##..........
.######.#.#.#.#.#
#..r......##
#.#.#.#h#.#.#
#.....h.....##


You could see 2 jackals.

Vanquished Creatures
  2 jackals (D:1)
  2 kobolds (D:1)
  2 rats (D:1)
6 creatures vanquished.

Notes
Turn   | Place    | Note
-------+----------+-------------------------------------------
     0 | D:1      | Descartes the Felid Wanderer began the quest for the Orb.
     0 | D:1      | Descartes set off with the following items: a piece from
                  | Xom's chessboard (15/15); and the following spells
                  | available to memorise: Beastly Appendage, Shock, Static
                  | Discharge, Spider Form, Swiftness, Airstrike
     0 | D:1      | Reached XP level 1. HP: 7/7 MP: 3/3
     2 | D:1      | Learned a level 1 spell: Beastly Appendage
     4 | D:1      | Learned a level 1 spell: Shock
   172 | D:1      | Reached skill level 1 in Stealth
   177 | D:1      | Slain by a jackal

Illustrated notes

Levels and vault maps discovered:
D:1:      kilobyte_arrival_exit_the_forest, layout_loops_cross,
          ebering_ecumenical_altar_mist, hex_medium

Skill      XL: |  1 |
---------------+----+-----
Stealth        | 1 |  1.4
Dodging        | |  0.7
Spellcasting   | |  1.0
Transmutations | |  3.4
Fire Magic     | |  2.6
Air Magic      | |  1.0
Evocations     | |  2.1

Action                   || total
-------------------------++-------
Melee: Unarmed           ||    19
       Headbutt          ||     2
 Cast: Beastly Appendage ||     2
Armor: Skin              ||     1
Dodge: Dodged            ||    17
